 Dungeon Crawl Stone Soup version 0.27-a0-1065-ge809cff456 (webtiles) character file.

Game seed: 16232678531606424917

910 kae the Ruffian (level 7, -1/57 HPs)
             Began as a Yellow Draconian Transmuter on Apr 23, 2021.
             Slain by a sky beast (5 damage)
             ... on level 4 of the Dungeon.
             The game lasted 00:03:55 (5604 turns).

kae the Ruffian (Yellow Draconian Transmuter)       Turns: 5604, Time: 00:03:56

Health: -1/57      AC:  2    Str: 13    XL:     7   Next: 81%
Magic:  3/12       EV: 20    Int: 15    God:
Gold:   228        SH:  0    Dex: 16    Spells: 4/12 levels left

rFire    + . .     SeeInvis .     - Unarmed
rCold    . . .     Faith    .   (shield currently unavailable)
rNeg     + . .     Spirit   .   (armour unavailable)
rPois    x         Reflect  .   (helmet currently unavailable)
rElec    .         Harm     .   (cloak currently unavailable)
rCorr    .         Rampage  .   (gloves currently unavailable)
Will     .....                  (boots currently unavailable)
Stlth    +.........             (no amulet)
HPRegen  0.19/turn              a - ring of protection from fire
MPRegen  0.13/turn              c - ring of positive energy

@: spider-form (expiring), very slightly contaminated
A: venomous fangs, (spit acid), AC +6, tiny, unfitting armour, (cold-blooded),
(acid resistance)
a: End Transformation


You were on level 4 of the Dungeon.
You were a venomous arachnid creature.
You visited 1 branch of the dungeon, and saw 5 of its levels.

You collected 228 gold pieces.

Inventory:

Armour
 g - a +2 cloak (melded)
 i - a +0 pair of gloves (melded)
Jewellery
 a - a ring of protection from fire (left front leg)
 c - a ring of positive energy (right front leg)
 e - a ring of magical power
 f - a ring of wizardry
Wands
 h - a wand of paralysis (7)
Potions
 b - a potion of curing
 d - a potion of magic
 j - 3 potions of cancellation


   Skills:
 + Level 3.4 Fighting
 + Level 3.3 Dodging
 * Level 5.2 Unarmed Combat
 + Level 3.3 Spellcasting
 * Level 4.7 Transmutations
 * Level 2.2 Ice Magic
 - Level 2.0 Poison Magic


You had 4 spell levels left.
You knew the following spells:

 Your Spells              Type           Power      Damage    Failure   Level
a - Beastly Appendage     Tmut           32%        N/A       10%         1
b - Spider Form           Tmut/Pois      6%         N/A       32%         3
c - Ice Form              Ice/Tmut       13%        N/A       63%         4

Your spell library contained the following spells:

 Spells                   Type           Power      Damage    Failure   Level
 Wereblood                Tmut           16%        N/A       13%         2
 Foxfire                  Conj/Fire      8%         2x1d4     38%         1
 Magic Dart               Conj           8%         1d3       38%         1
 Searing Ray              Conj           4%         3d3       50%         2
 Confusing Touch          Hex            2%         N/A       71%         3
 Conjure Flame            Conj/Fire      2%         6-21      71%         3
 Dazzling Flash           Conj/Hex       4%         N/A       71%         3
 Gell's Gravitas          Tloc           1%         N/A       71%         3
 Inner Flame              Hex/Fire       2%         N/A       71%         3
 Petrify                  Tmut/Erth      9%         N/A       78%         4
 Fulminant Prism          Conj/Hex       1%         3d6       96%         4
 Iskenderun's Mystic Bla  Conj/Tloc      2%         2d3       96%         4
 Sticky Flame             Conj/Fire      2%         2d3       96%         4
 Hydra Form               Tmut           8%         N/A       78%         5
 Yara's Violent Unravell  Hex/Tmut       4%         3d4       97%         5
 Metabolic Englaciation   Hex/Ice        2%         N/A       99%         5
 Fireball                 Conj/Fire      1%         3d3       100%        5


Dungeon Overview and Level Annotations

Branches:
Dungeon (5/15)
 Temple: D:4-7

Altars:

Shops:
D:4 (


Innate Abilities, Weirdness & Mutations

You are a venomous arachnid creature.
You have poisonous fangs.
You are tiny and dextrous.
Your spellcasting is less reliable in this form.
Your armour is entirely melded.
You are incapable of wielding weapons or throwing items.
((You can spit globs of acid.))
((Your golden yellow scales are hard. (AC +6)))
You cannot fit into any form of body armour.
((You are cold-blooded and may be slowed by cold attacks.))
((You are resistant to acid. (rCorr)))


Message History

You completely miss the orc. You hit the orc but do no damage.
The orc is poisoned.
The orc closely misses you. The sky beast misses you.
You barely miss the orc. The orc hits you with a +0 hand axe.
The sky beast flickers out of sight!
Deactivating autopickup; reactivate with Ctrl-A.
Something hits you. Something shocks you.
* * * LOW HITPOINT WARNING * * *
You hit something but do no damage. The orc hits you with a +0 hand axe!
* * * LOW HITPOINT WARNING * * *
Something barely misses you.
You miss something. The orc closely misses you. Something closely misses you.
You kill the orc!
A sky beast appears from thin air!
Reactivating autopickup.
The sky beast flickers out of sight!
Deactivating autopickup; reactivate with Ctrl-A.
You feel better.
A sky beast appears from thin air!
Reactivating autopickup.
The sky beast misses you.
You hit the sky beast.
The sky beast is poisoned.
The sky beast is lightly wounded.
The sky beast closely misses you.
You closely miss the sky beast.
The sky beast is lightly wounded.
The sky beast closely misses you.
You hit the sky beast but do no damage.
The sky beast is lightly wounded.
The sky beast flickers out of sight!
Deactivating autopickup; reactivate with Ctrl-A.
Something hits you.
* * * LOW HITPOINT WARNING * * *
Something shocks you.
* * * LOW HITPOINT WARNING * * *
You miss something.
Your transformation is almost over.
Something hits you.
* * * LOW HITPOINT WARNING * * *
Something shocks you.
You die...

##..................##........#
##........................#####
##..................##....#
..........................#
.....................#....#
..>......#.......>(..##.###
..################)..##.#
..####### #####..#...# #.......##
##..s{....###
#######..####..###.####
..######......####(########
....................).....#
#.######..#####.##...).[(.## ####
#.######...###..##.#.......# #..#
.........#.#...###.#######.###.8#
#.########....####...## #.....)#
#.### ###..###.....## #...8.∩<


There were no monsters in sight!

Vanquished Creatures
  Sigmund (D:4)
  Menkaure (D:4)
  2 black bears (D:4)
  A necrophage (D:4)
  Blork the orc (D:4)
  A scorpion (D:4)
  A hound (D:4)
  An orc wizard (D:3)
  Natasha (D:3)
  5 adders
  A worm (D:4)
  2 dart slugs (D:3)
  7 orcs
  5 endoplasms
  4 giant cockroaches
  14 goblins
  5 hobgoblins
  10 jackals
  11 kobolds
  3 quokkas
  7 ball pythons
  5 bats
  7 frilled lizards
  5 rats
101 creatures vanquished.

Vanquished Creatures (others)
  20 plants (D:1)
20 creatures vanquished.

Grand Total: 121 creatures vanquished

Notes
Turn   | Place    | Note
-------+----------+-------------------------------------------
     0 | D:1      | kae the Draconian Transmuter began the quest for the Orb.
     0 | D:1      | Reached XP level 1. HP: 16/16 MP: 3/3
   448 | D:1      | Reached XP level 2. HP: 20/23 MP: 3/5
  1091 | D:1      | Reached XP level 3. HP: 28/28 MP: 4/6
  1179 | D:1      | Learned a level 3 spell: Spider Form
  2114 | D:2      | Reached XP level 4. HP: 16/36 MP: 5/7
  2652 | D:3      | Reached skill level 1 in Poison Magic
  2859 | D:3      | Found a faded altar of an unknown god.
  3136 | D:3      | Noticed Natasha
  3303 | D:3      | Killed Natasha
  3304 | D:3      | Reached XP level 5. HP: 41/41 MP: 4/8
  3916 | D:4      | Noticed Blork the orc
  3931 | D:4      | Killed Blork the orc
  3932 | D:4      | Reached skill level 4 in Unarmed Combat
  3960 | D:4      | Noticed Menkaure
  4126 | D:4      | Reached XP level 6. HP: 43/50 MP: 6/10
  4150 | D:3      | Learned a level 4 spell: Ice Form
  4157 | D:4      | Killed Menkaure
  4416 | D:4      | Your scales start taking on a golden yellow colour.
  4416 | D:4      | Reached XP level 7. HP: 53/56 MP: 7/11
  4416 | D:4      | Gained mutation: You are resistant to acid. (rCorr) [Yellow
                  | Draconian growth]
  4487 | D:4      | Noticed Sigmund
  4495 | D:4      | Reached skill level 1 in Ice Magic
  4888 | D:4      | Killed Sigmund
  4889 | D:4      | Reached skill level 5 in Unarmed Combat
  5423 | D:4      | Found Gatedi's Weapon Shop.
  5584 | D:5      | Entered Level 5 of the Dungeon
  5604 | D:4      | Slain by a sky beast

Illustrated notes

Levels and vault maps discovered:
D:1:      roderic_crop_circles_arrival_small, layout_basic
D:2:      layout_rooms, minivault_26
D:3:      layout_basic, hellmonk_ecumenical_altar_blasted, uniq_natasha
D:4:      layout_rooms, serial_shops, nicolae_shop_statue_plus,
          patterned_corridor, uniq_blork_the_orc, uniq_sigmund, uniq_menkaure
D:5:      layout_loops_ring, amethyst_overflow_temple_binary,
          ebering_ghost_sewer_f, st_stairs_10, uniq_crazy_yiuf_cottage

Skill      XL: |  1  2  3  4  5  6  7 |
---------------+----------------------+-----
Dodging        | 2 3 |  3.3
Transmutations | 3 4 |  4.7
Poison Magic   | 1 2 |  2.0
Fighting       | 2 3 |  3.4
Unarmed Combat | 4 5 |  5.2
Spellcasting   | 3 |  3.3
Ice Magic      | 2 |  2.2

Action                   |  1- 3 |  4- 6 |  7- 9 || total
-------------------------+-------+-------+-------++-------
Melee: Unarmed           |   228 |   117 |    48 ||   393
       Tailslap          |    31 |     3 |     2 ||    36
       Kick              |    17 |    22 |     5 ||    44
       Headbutt          |    12 |     3 |     2 ||    17
       Punch             |     1 |       |       ||     1
 Cast: Beastly Appendage |    27 |    19 |     5 ||    51
       Spider Form       |       |     7 |     2 ||     9
       Ice Form          |       |     1 |     2 ||     3
  Use: Scroll            |       |     4 |       ||     4
       Potion            |       |       |     4 ||     4
 Stab: Distracted        |       |     1 |       ||     1
       Sleeping          |       |     1 |       ||     1
Armor: Skin              |    54 |    29 |    14 ||    97
Dodge: Dodged            |   122 |    66 |    40 ||   228

Table legend: (Time is in decaauts)
 A = Elapsed time spent in this place.
 B = Non-inter-level travel time spent in this place.
 C = Inter-level travel time spent in this place.
 D = Time resting spent in this place.
 E = Time spent auto-exploring this place.
 F = Levels seen in this place.
 G = Mean time per level.
                   A        B        C        D        E       F      G
               +--------+--------+--------+--------+--------+-----+--------+
         Total |   5567 |   5452 |    115 |    742 |   3789 |   5 | 1113.4 |
       Dungeon |   5567 |   5452 |    115 |    742 |   3789 |   5 | 1113.4 |
               +--------+--------+--------+--------+--------+-----+--------+

Top non-repeatable levels by time:
     D:1: 1626 daAuts
     D:4: 1554 daAuts
     D:3: 1340 daAuts
     D:2: 1040 daAuts
     D:5: 5 daAuts
